Map: Orbital Shipyard

Players

xoun

  • Race: Terran Terran
  • League: Silver

SticklerMac - Winner!

  • Race: Zerg Zerg
  • League: Silver

VOD

Have the link to the VOD?

Description

Time

  • Played on: Oct. 1, 2015, 3:43 p.m.
  • Length: 6:36
Show
View Real Time Build Order
Export as new Build Order

xoun Terran 

Build Orders: Command Center First (CC) 

Get SALT Encoding   

  12  0:01  SCV  
  13  0:13  SCV  
  14  0:20  Supply Depot  
  14  0:25  SCV  
  15  0:42  SCV  
  16  0:54  SCV  
  17  1:00  Command Center  
  17  1:06  SCV  
  18  1:15  Barracks  
  18  1:18  SCV  
  19  1:30  SCV  
  20  1:42  SCV  
  21  1:54  SCV  
  22  2:04  Marine  
  22  2:05  Supply Depot  
  23  2:13  Orbital Command x2  
  23  2:24  Marine  
  23  2:28  Refinery x2  
  24  2:40  SCV x2  
  24  2:42  Marine  
  27  2:52  SCV x2  
  29  3:00  Marine  
  30  3:07  SCV x2  
  32  3:18  Factory  
  32  3:19  SCV x2  
  35  3:22  Barracks Reactor  
  34  3:31  Command Center, SCV x2  
  36  3:39  Barracks  
  36  3:40  Barracks  
  36  3:43  SCV x2  
  39  3:55  SCV x2  
  40  4:07  SCV x2  
  42  4:13  Hellion  
  42  4:14  Hellion, Barracks Tech Lab, Starport  
  46  4:22  Supply Depot  
  46  4:24  Supply Depot  
  46  4:32  Barracks Reactor x2  
  46  4:35  Stimpack  
  46  4:43  SCV x2, Hellion x2  
  46  4:44  Supply Depot, Orbital Command  
  52  4:52  Engineering Bay  
  52  4:53  Engineering Bay  
  52  4:55  SCV x2  
  52  4:58  Refinery x2  
  54  5:04  Marauder  
  56  5:18  Marine x4  
  60  5:25  Marine  
  60  5:26  Factory Reactor  
  61  5:30  SCV x3  
  63  5:35  Marine  
  63  5:39  Supply Depot  
  63  5:41  Supply Depot x2  
  63  5:42  SCV, Supply Depot  
  55  5:43  Marine x2  
  55  5:44  Marine x2  
  51  5:53  Marine  
  34  6:01  Marine x3  
  34  6:02  Marine  
  34  6:03  Supply Depot  
  34  6:07  Hellion  
  34  6:08  Hellion  
  20  6:11  Marine  
Show
View Real Time Build Order
Export as new Build Order

SticklerMac Zerg - Winner!

Build Orders: Hatch First, Zergling Baneling 

Get SALT Encoding   

  12  0:01  Drone  
  13  0:08  Drone  
  14  0:17  Overlord  
  15  0:35  Drone x2  
  15  0:36  Drone  
  17  0:54  Hatchery  
  16  0:57  Drone  
  16  0:59  Drone  
  16  1:02  Extractor  
  17  1:17  Spawning Pool  
  16  1:20  Drone x2  
  18  1:30  Drone  
  19  1:49  Drone  
  19  1:51  Overlord  
  20  2:04  Queen  
  20  2:07  Queen  
  20  2:08  Metabolic Boost  
  24  2:17  Drone x3  
  24  2:18  Drone  
  28  2:23  Drone  
  29  2:30  Drone, Baneling Nest  
  29  2:34  Drone  
  30  2:39  Drone  
  31  2:46  Drone  
  32  2:51  Zergling x2  
  32  2:55  Zergling x2  
  34  3:00  Zergling x2  
  35  3:06  Overlord  
  35  3:11  Overlord  
  35  3:17  Overlord  
  35  3:24  Overlord  
  35  3:25  Zergling x2  
  37  3:34  Zergling x10  
  37  3:35  Zergling x2  
  37  3:37  Baneling  
  37  3:38  Baneling x3  
  42  3:43  Zergling x2  
  42  3:45  Hatchery  
  42  3:48  Zergling x2  
  42  3:50  Zergling x2  
  42  3:51  Zergling x8  
  42  3:54  Zergling x4  
  50  3:55  Zergling x2  
  50  3:58  Zergling x2  
  50  4:01  Zergling x2  
  53  4:09  Zergling x2  
  54  4:19  Baneling x2  
  54  4:20  Baneling x5  
  54  4:21  Zergling x4  
  54  4:22  Zergling x8  
  60  4:27  Overlord  
  60  4:30  Overlord  
  60  4:32  Baneling  
  59  4:46  Zergling x2  
  59  4:47  Zergling x10  
  62  5:01  Zergling x4  
  62  5:04  Baneling x3  
  64  5:13  Zergling x4  
  66  5:17  Queen  
  66  5:19  Zergling x2  
  63  5:40  Zergling x2  
  63  5:41  Zergling x6  
  56  5:46  Zergling x2  
  56  5:47  Zergling x10  
  62  5:52  Zergling x2  
  62  5:53  Zergling x4  
  62  5:55  Zergling x2  
  63  6:05  Zergling x2  
  63  6:08  Zergling x2  
Tags
 
Add a new tag
Caveats
  • Supply blocks, unpowered buildings, or Contaminate may cause inaccurate times.
  • Supply counts are checked every 10 seconds.